 Dungeon Crawl Stone Soup version 0.30.0-11-gf55b779eaf (webtiles) character file.

Game seed: 5507600859827606499

6470 Firecrotchwizard the Cleaver (level 11, -2/99 HPs)
             Began as a Hill Orc Monk on May 17, 2023.
             Was a Priest of Beogh.
             Slain by Urug
             ... wielding a +2 broad axe of freezing
              (8 damage)
             ... on level 10 of the Dungeon.
             The game lasted 00:11:01 (6143 turns).

Firecrotchwizard the Cleaver (Hill Orc Monk)        Turns: 6143, Time: 00:11:02

Health: -2/99      AC:  8    Str: 19    XL:     11   Next: 0%
Magic:  14/17      EV: 12    Int: 10    God:    Beogh [***...]
Gold:   426        SH:  0    Dex: 13    Spells: 10/10 levels left

rFire   + . .        h - +2 war axe (drain)
rCold   + . .        d - orb {light}
rNeg    . . .        m - +2 robe of the Griffon {Slay+3}
rPois   .            (no helmet)
rElec   .            (no cloak)
rCorr   .            C - +2 pair of gloves
SInv    .            (no boots)
Will    .....        (no amulet)
Stlth   +            y - ring of protection from cold
HPRegen 0.36/turn    v - ring of protection from fire
MPRegen 0.15/turn

%: no passive effects
@: glowing
A: no striking features
a: Renounce Religion, Smiting


You were on level 10 of the Dungeon.
You worshipped Beogh.
Beogh was most pleased with you.
You visited 1 branch of the dungeon, and saw 10 of its levels.

You collected 426 gold pieces.

Inventory:

Hand Weapons
 a - a +0 hand axe
 h - a +2 war axe of draining (weapon)
 s - the +6 shillelagh "Devastator" {shatter}
   (You found it on level 4 of the Dungeon)
 u - the +4 morningstar of Zeraum {antimagic, *Slow rN+ Int+9 Dex+2}
   (You found it on level 4 of the Dungeon)

   Int:       It affects your intelligence (+9).
   Dex:       It affects your dexterity (+2).
   rN:        It protects you from negative energy.
   *Slow:     It may slow you when you take damage.
 B - a +2 hand axe of electrocution
 I - a +1 battleaxe
Missiles
 n - 14 poisoned darts (quivered)
Armour
 b - a +0 robe
 d - an orb of light (worn)
 f - a +0 ring mail
 m - the +2 robe of the Griffon (worn) {Slay+3}
   (You found it on level 3 of the Dungeon)

   Slay:      It affects your accuracy & damage with ranged weapons and melee
   (+3).
 C - a +2 pair of gloves (worn)
 G - a +1 pair of gloves
Jewellery
 k - a ring of fire
 o - a ring of see invisible
 v - a ring of protection from fire (right hand)
 y - a ring of protection from cold (left hand)
Wands
 x - a wand of iceblast (13)
 E - a wand of paralysis (15)
Scrolls
 g - 3 scrolls of blinking
 i - 6 scrolls of identify
 p - a scroll of vulnerability
 t - 2 scrolls of teleportation
 D - a scroll of fear
Potions
 c - a potion of ambrosia
 e - a potion of flight {unknown}
 j - a potion of brilliance {unknown}
 l - 2 potions of might
 q - 3 potions of curing {unknown}
 r - 3 potions of lignification
 w - 2 potions of magic
 z - a potion of degeneration {unknown}
 A - 3 potions of heal wounds
 F - a potion of haste {unknown}
 H - 2 potions of mutation {unknown}


   Skills:
 + Level 9.7 Fighting
 * Level 14.1 Axes
 + Level 8.1 Armour
 - Level 2.4 Dodging
 + Level 8.5 Invocations


You had 10 spell levels left.
You didn't know any spells.
Your spell library contained the following spells:

 Spells                   Type           Power      Damage    Failure   Level
 Magic Dart               Conj           0%         1d3       36%         1
 Shock                    Conj/Air       0%         1d3       36%         1
 Ensorcelled Hibernation  Hex/Ice        0%         N/A       50%         2
 Searing Ray              Conj           0%         2d4       50%         2
 Spider Form              Tmut/Pois      0%         N/A       75%         3
 Swiftness                Air            0%         N/A       75%         3
 Airstrike                Air            0%         2d(0-16)  98%         4
 Anguish                  Hex/Necr       0%         N/A       98%         4
 Fulminant Prism          Conj/Hex       0%         3d5       98%         4


Dungeon Overview and Level Annotations

Branches:
Dungeon (11/15)            Temple (0/1) D:5
   Lair: D:8-11         Orc: D:9-12

Altars:
Ashenzari
Cheibriados
Ru
Trog

Shops:
D:3 ?   D:6 (

Annotations:
D:6 2 transporters, 3 runed translucent doors, mdonais's ghost, amateur MeFi
D:10 Urug


Message History

Found a stone staircase leading up.
A yak comes into view.
The yak bellows!
You hear a bellow!
A yak comes into view.
The yak bellows!
A yak comes into view.
The yak bellows!
A yak comes into view. x2
A yak comes into view.
The yak bellows! x3; You hear a shout!
The yak closely misses you.
You slash the yak! You drain the yak.
The yak is heavily wounded.
You slash the yak! You drain the yak. The yak gores you! x2
You slash the yak! You drain the yak.
The yak is almost dead.
You slash the yak! You drain the yak.
Urug the Orcish Ballista comes into view.
She is wielding a +2 broad axe of freezing.
The yak barely misses you.
You barely miss the yak.
The yak is almost dead.
The yak barely misses you.
You slash the yak!
You kill the yak!
Beogh accepts your kill.
You slash the yak! The yak attacks as you move away! The yak gores you!
You hit the yak but do no damage. You drain the yak.
The yak is heavily wounded.
The yak gores you! The yak attacks as you move away! The yak gores you.
You hit the yak. You drain the yak.
The yak is severely wounded.
The yak barely misses you.
You hit the yak.
The yak is almost dead.
You slice the yak!!
You kill the yak!
Beogh accepts your kill.
You slash the yak! You barely miss the yak.
The yak is moderately wounded.
You hit the yak. You drain the yak. You slash the yak! You drain the yak.
The yak is heavily wounded.
You hit the yak but do no damage. The yak closely misses you.
The yak barely misses you.
You slash the yak!
The yak is severely wounded.
You hit the yak. The yak closely misses you. The yak gores you!
* * * LOW HITPOINT WARNING * * *
Okay, then.
You feel much better. The yak closely misses you.
The yak gores you but does no damage.
You completely miss the yak.
The yak is moderately wounded.
You slash the yak! You drain the yak. You hit the yak.
You kill the yak!
Beogh accepts your kill.
You slash the yak!
You kill the yak!
Beogh accepts your kill. The yak closely misses you. x2
Your Axes skill increases to level 14!
Your Armour skill increases to level 8!
You hit the yak. You drain the yak.
The yak is moderately wounded.
You hit the yak. You drain the yak. The yak barely misses you.
The yak gores you!
You slash the yak!
The yak is severely wounded.
You slash the yak! You slash the yak!
The yak is almost dead.
You hit the yak.
You kill the yak!
Beogh accepts your kill. The yak gores you.
You slash the yak!
You kill the yak!
Beogh accepts your kill.
Urug throws a javelin.
The javelin pierces through you!!
* * * LOW HITPOINT WARNING * * *
You have reached level 11!
Urug hits you with a +2 broad axe of freezing!!
* * * LOW HITPOINT WARNING * * *
Urug freezes you.
* * * LOW HITPOINT WARNING * * *
You see here a yak corpse.
You feel much better.
Urug hits you with a +2 broad axe of freezing!
* * * LOW HITPOINT WARNING * * *
Urug freezes you.
* * * LOW HITPOINT WARNING * * *
Aiming: Smiting
Press: ? - help, Dir - move target, f - Urug Smite: Urug, wielding a +2 broad axe of freezing, wearing a +0 chain mail and quivering javelins (haloed)
You smite Urug!!
Urug is moderately wounded.
Urug hits you with a +2 broad axe of freezing!
You die...

####....##..#......
##...#........... ..
##.............## ...
###............#....
#.............#....
##.......##........ ##
#........##<.......
##.###.......#.........
##.[..#......@o.........
##............#.†........
#.............#.....##.##
###..##.....####.####
#..........# #.#
#.........## ###
##.....##.# ##..######
####


You could see Urug.

Vanquished Creatures
  A manticore (D:11)
  2 trolls
  A wyvern (D:8)
  13 yaks (D:10)
  2 steam dragons (D:6)
  An acid dragon (D:8)
  A water moccasin (D:8)
  An orc warrior (D:8)
  3 sky beasts
  A black bear (D:7)
  2 ice beasts
  A centaur (D:6)
  3 ogres
  2 phantoms
  2 scorpions
  8 bullfrogs
  A gnoll sergeant (D:7)
  12 wights
  3 killer bees (D:10)
  2 howler monkeys (D:8)
  A jelly (D:6)
  3 orc priests
  2 sleepcaps
  2 gnoll boudas
  An orc wizard (D:7)
  3 iguanas (D:5)
  8 adders
  10 gnolls
  A white imp (D:6)
  A dart slug (D:3)
  A worm (D:3)
  14 orcs
  2 bats
  2 endoplasms
  3 goblins
  4 hobgoblins
  2 quokkas
  5 ball pythons
  A frilled lizard (D:1)
  3 kobolds (D:2)
  3 rats
134 creatures vanquished.

Vanquished Creatures (others)
  A quokka (D:8)
1 creature vanquished.

Grand Total: 135 creatures vanquished

Notes
Turn   | Place    | Note
-------+----------+-------------------------------------------
     0 | D:1      | Firecrotchwizard the Hill Orc Monk began the quest for the
                  | Orb.
     0 | D:1      | Reached XP level 1. HP: 19/19 MP: 1/1
   199 | D:1      | Reached XP level 2. HP: 27/27 MP: 2/2
   474 | D:2      | Reached skill level 1 in Armour
   756 | D:3      | Found Basoefy's Magic Scroll Shoppe.
   760 | D:3      | Reached XP level 3. HP: 33/33 MP: 3/3
   817 | D:3      | Reached skill level 5 in Axes
   850 | D:3      | Identified the +5 dagger of the Mushroom {speed, rC+}
   867 | D:3      | Found a broken altar of Ashenzari.
   867 | D:3      | Found a bloodstained altar of Trog.
   873 | D:3      | Found a sacrificial altar of Ru.
   875 | D:3      | Found a faded altar of an unknown god.
   877 | D:3      | Found a faded altar of an unknown god.
   961 | D:3      | Identified the +2 robe of the Griffon {Slay+3}
  1042 | D:3      | Found a snail-covered altar of Cheibriados.
  1451 | D:4      | Noticed an ogre
  1454 | D:4      | Noticed an ogre
  1458 | D:4      | Killed an ogre
  1459 | D:4      | Reached skill level 6 in Axes
  1459 | D:4      | Reached XP level 4. HP: 41/41 MP: 4/4
  1459 | D:4      | Reached XP level 5. HP: 47/47 MP: 5/5
  1464 | D:4      | Killed an ogre
  1473 | D:4      | Found the +6 shillelagh "Devastator" {shatter}
  1490 | D:4      | Reached skill level 5 in Fighting
  1490 | D:4      | Reached XP level 6. HP: 56/56 MP: 6/6
  1518 | D:4      | Identified the +4 morningstar of Zeraum {antimagic, *Slow
                  | rN+ Int+9 Dex+2}
  1854 | D:5      | Entered Level 5 of the Dungeon
  1911 | D:5      | Reached skill level 7 in Axes
  2137 | D:5      | Became a worshipper of Beogh the Brigand
  2137 | D:5      | Reached * piety under Beogh
  2137 | D:5      | Reached ** piety under Beogh
  2183 | D:5      | Found a staircase to the Ecumenical Temple.
  2479 | D:5      | Reached XP level 7. HP: 55/61 MP: 7/7
  2736 | D:6      | Noticed a kobold demonologist
  2743 | D:6      | Found a transporter.
  2768 | D:6      | Found a transporter.
  2800 | D:6      | Reached skill level 8 in Axes
  2800 | D:6      | Reached skill level 1 in Invocations
  2958 | D:6      | Noticed a steam dragon
  2970 | D:6      | Killed a steam dragon
  2970 | D:6      | HP: 2/62 [poisoned by a scorpion]
  3112 | D:6      | Noticed a steam dragon
  3114 | D:6      | Killed a steam dragon
  3115 | D:6      | Reached skill level 9 in Axes
  3115 | D:6      | Reached XP level 8. HP: 71/71 MP: 2/10
  3264 | D:6      | Noticed a kobold demonologist
  3382 | D:6      | Reached skill level 5 in Armour
  3433 | D:6      | Found Kega's Antique Weapon Shoppe.
  3517 | D:6      | Found a runed translucent gate.
  3518 | D:6      | Found a runed translucent gate.
  3518 | D:6      | Noticed mdonais's ghost (amateur MeFi)
  3519 | D:6      | Found a runed translucent gate.
  3519 | D:6      | Noticed a kobold demonologist
  3552 | D:6      | Reached skill level 10 in Axes
  3975 | D:7      | Noticed a troll
  3981 | D:7      | Killed a troll
  3982 | D:7      | Reached skill level 5 in Invocations
  3982 | D:7      | Reached XP level 9. HP: 42/79 MP: 12/12
  4234 | D:7      | Reached skill level 11 in Axes
  5097 | D:7      | Reached skill level 12 in Axes
  5450 | D:8      | Reached XP level 10. HP: 75/90 MP: 13/15
  5457 | D:8      | Reached *** piety under Beogh
  5581 | D:8      | You fall into a shaft and drop 3 floors!
  5602 | D:11     | Noticed a manticore
  5604 | D:11     | Killed a manticore
  5662 | D:11     | Reached skill level 13 in Axes
  5874 | D:11     | Noticed a gargoyle
  5875 | D:11     | Noticed a two-headed ogre
  5878 | D:10     | Entered Level 10 of the Dungeon
  6121 | D:10     | Noticed Urug
  6137 | D:10     | Reached skill level 14 in Axes
  6141 | D:10     | Reached XP level 11. HP: 37/99 MP: 17/17
  6141 | D:10     | HP: 3/99 [Urug/+2 broad axe of freezing (5)]
  6143 | D:10     | Slain by Urug

Illustrated notes

Levels and vault maps discovered:
D:1:      minmay_arrival_glassed_features, layout_basic, roderic_lattice_a
D:2:      layout_basic
D:3:      layout_basic, slow_altar_1, chequers_temple_overflow_minitemple,
          serial_shops, nicolae_shop_competitors_out_of_business
D:4:      layout_cave_pools, dilly_guarded_unrand_devastator
D:5:      layout_basic, minmay_temple_entry_gardened_gates
D:6:      gammafunk_wand_slinger, layout_rooms, gammafunk_ghost_nasty_kobolds,
          serial_shops, kennysheep_little_box, nrook_mini_backslash,
          minmay_misc_feat_encased, kennysheep_nondescript,
          corexii_item_surrounded_by_moat
D:7:      layout_loops_cross, minmay_misc_feat_tiny, grunt_ministairs_11,
          dk_vineyard_2
D:8:      layout_rooms, okawaru_humans, elyvilon_altar_4
D:10:     layout_cave_pools, mainiacjoe_overflow_alcove_4, uniq_urug
D:11:     layout_long_grid, grunt_lair_entry_orc_guard_hut, billiards_dpeg

Skill      XL: |  1  2  3  4  5  6  7  8  9 10 |
---------------+-------------------------------+-----
Armour         | 1 2 3 4 5 6 8 |  8.1
Fighting       | 4 5 6 7 8 9 |  9.7
Axes           | 6 7 9 10 12 14 | 14.1
Invocations    | 3 5 6 8 |  8.5
Dodging        | |  2.4

Action                     |  1- 3 |  4- 6 |  7- 9 | 10-12 || total
---------------------------+-------+-------+-------+-------++-------
  Melee: Hand axe          |    49 |     4 |       |       ||    53
         Shillelagh        |       |     1 |     4 |       ||     5
         War axe           |       |    34 |   133 |    68 ||   235
  Throw: Dart              |     3 |     2 |       |       ||     5
 Invoke: Convert to Beogh  |       |     1 |       |       ||     1
         Smiting           |       |       |     4 |     3 ||     7
    Use: Scroll            |       |     7 |     6 |       ||    13
         Potion            |       |       |     2 |     2 ||     4
 Armour: Ring mail         |    13 |       |       |       ||    13
         Robe              |     2 |     9 |    33 |    14 ||    58
  Dodge: Dodged            |    28 |    22 |    75 |    37 ||   162
